 Dungeon Crawl Stone Soup version 0.30-a0-634-g8abc85282e (webtiles) character file.

Game seed: 7126708502057767517

185368 bmack86 the Peltast (level 17, -1/166 HPs)
             Began as a Minotaur Fighter on Jan 14, 2023.
             Was a High Priest of Okawaru.
             Succumbed to a naga ritualist's poison
             ... on level 2 of the Snake Pit.
             The game lasted 01:20:12 (27938 turns).

bmack86 the Peltast (Minotaur Fighter)             Turns: 27938, Time: 01:20:13

Health: -1/166     AC: 32    Str: 34    XL:     17   Next: 41%
Magic:  25/25      EV:  7    Int:  8    God:    Okawaru [*****.]
Gold:   1033       SH: 27    Dex: 11    Spells: 16/16 levels left

rFire   + . .      SeeInvis .    B - +3 broad axe (elec)
rCold   . . .      Faith    .    u - +2 tower shield
rNeg    . . .      Spirit   .    x - +4 plate armour {rF+}
rPois   .          Reflect  +    h - +0 hat {Int+3}
rElec   .          Harm     .    R - +2 cloak {rCorr}
rCorr   +          Rampage  .    o - +2 pair of gloves
Will    ++...                    c - +1 pair of boots of Zobobruf {Str+6} Stlth
                                 q - amulet of reflection
HPRegen 0.47/turn                Y - ring of willpower
MPRegen 0.19/turn                W - ring of poison resistance

@: lethally poisoned (-1 -> -30), poison vulnerable, studying Fighting
A: horns 2, retaliatory headbutt
}: 1/15 runes: serpentine
a: Renounce Religion, Heroism, Finesse, Duel


You were on level 2 of the Snake Pit.
You worshipped Okawaru.
Okawaru was extremely pleased with you.
You visited 5 branches of the dungeon, and saw 27 of its levels.
You also visited: Sewer.

You collected 3697 gold pieces.
You spent 2664 gold pieces at shops.

Inventory:

Hand Weapons
 B - a +3 broad axe of electrocution (weapon)
 T - a +0 broad axe
 U - a +2 executioner's axe of electrocution
Missiles
 n - 8 throwing nets
 E - 13 boomerangs (quivered)
 L - 25 javelins
 N - 5 silver boomerangs
 O - 8 silver javelins
Armour
 c - the +1 pair of boots of Zobobruf (worn) {Str+6}
   (Okawaru gifted it to you on level 13 of the Dungeon)

   Str:       It affects your strength (+6).
 h - a +0 hat of intelligence (worn)
 o - a +2 pair of gloves (worn)
 u - a +2 tower shield (worn)
 w - a +1 plate armour of poison resistance
 x - a +4 plate armour of fire resistance (worn)
 A - a +1 kite shield of reflection
 R - a +2 cloak of preservation (worn)
Jewellery
 b - a +5 ring of evasion
 j - a ring of magical power
 l - a ring of ice
 p - a ring of protection from cold
 q - an amulet of reflection (around neck)
 z - a ring of see invisible
 G - a ring of positive energy
 H - a ring of protection from cold
 W - a ring of poison resistance (right hand)
 X - a +6 ring of intelligence
 Y - a ring of willpower (left hand)
 Z - a +4 ring of protection
Scrolls
 a - a scroll of enchant weapon
 e - 7 scrolls of blinking
 i - 4 scrolls of teleportation
 m - 2 scrolls of fear
 v - a scroll of enchant armour
 y - a scroll of brand weapon
 I - 2 scrolls of fog
 K - 3 scrolls of magic mapping
Potions
 d - 5 potions of might
 f - 2 potions of ambrosia
 g - 5 potions of magic
 k - 10 potions of curing
 r - 4 potions of flight
 s - 5 potions of cancellation
 t - 3 potions of brilliance
 C - a potion of invisibility
 D - 2 potions of berserk rage
 M - 4 potions of haste
 S - 2 potions of resistance


   Skills:
 + Level 18.9 Fighting
 - Level 18.0 Axes
 - Level 10.0 Throwing
 + Level 17.1 Armour
 + Level 19.8 Shields
 + Level 12.4 Invocations


You had 16 spell levels left.
You didn't know any spells.
Your spell library contained the following spells:

 Spells                   Type           Power      Damage    Failure   Level
 Apportation              Tloc           0%         N/A       98%         1
 Kiss of Death            Conj/Necr      0%         2d5       98%         1
 Necrotise                Necr           0%         1d4       98%         1
 Sandblast                Erth           0%         2d4       98%         1
 Blink                    Tloc           0%         N/A       99%         2
 Momentum Strike          Conj/Tloc      0%         3d8       99%         2
 Passwall                 Tmut/Erth      0%         N/A       99%         2
 Static Discharge         Conj/Air       0%         2-2/arc   99%         2
 Sublimation of Blood     Necr           0%         N/A       99%         2
 Confusing Touch          Hex            0%         N/A       100%        3
 Gell's Gravitas          Tloc           0%         N/A       100%        3
 Ignite Poison            Fire/Tmut/Pois 0%         N/A       100%        3
 Kindle Blastsparks       Fire/Tloc/Air  0%         2d10      100%        3
 Lesser Beckoning         Tloc           0%         N/A       100%        3
 Portal Projectile        Hex/Tloc       0%         N/A       100%        3
 Stone Arrow              Conj/Erth      0%         3d7       100%        3
 Teleport Other           Tloc           0%         N/A       100%        3
 Vhi's Electric Charge    Tloc/Air       0%         N/A       100%        3
 Dispel Undead            Necr           0%         3d6       100%        4
 Leda's Liquefaction      Hex/Erth       0%         N/A       100%        4
 Olgreb's Toxic Radiance  Pois           0%         N/A       100%        4
 Petrify                  Tmut/Erth      0%         N/A       100%        4
 Sticky Flame             Conj/Fire      0%         2d3       100%        4
 Arcjolt                  Conj/Air       0%         1d10      100%        5
 Fireball                 Conj/Fire      0%         3d3       100%        5
 Freezing Cloud           Conj/Ice/Air   0%         6-21      100%        5
 Irradiate                Conj/Tmut      0%         3d11      100%        5
 Iskenderun's Battlesphe  Conj           0%         2d6       100%        5
 Lightning Bolt           Conj/Air       0%         1d11      100%        5
 Yara's Violent Unravell  Hex/Tmut       0%         3d3       100%        5
 Conjure Ball Lightning   Conj/Air       0%         3x3d6     100%        6
 Enfeeble                 Hex            0%         N/A       100%        7
 Orb of Destruction       Conj           0%         9d5       100%        7
 Ozocubu's Refrigeration  Ice            0%         4d7       100%        7
 Ignition                 Fire           0%         3d3       100%        8
 Polar Vortex             Ice            0%         N/A       100%        9
 Summon Small Mammal      Summ           Unusable   N/A       N/A         1
 Call Canine Familiar     Summ           Unusable   N/A       N/A         3
 Simulacrum               Ice/Necr       Unusable   N/A       N/A         6

Dungeon Overview and Level Annotations

Branches:
Dungeon (15/15)            Temple (1/1) D:5            Lair (5/5) D:9
  Swamp (0/4) Lair:3        Snake (4/4) Lair:3        Slime (0/5) Lair:4
    Orc (2/2) D:12            Elf (0/3) Orc:2        Vaults (0/5) D:13
 Depths (0/4) D:15          Sewer (visited)

Altars:
Ashenzari
Cheibriados
Dithmenos
Elyvilon
Fedhas
Gozag
Hepliaklqana
Kikubaaqudgha
Makhleb
Nemelex Xobeh
Okawaru
Qazlal
Ru
Sif Muna
Trog
Uskayaw
Vehumet
Wu Jian
Xom
Yredelemnul
Zin
The Shining One
Jiyva

Shops:
D:1 [   D:4 :   D:14 *   D:15 (   Orc:2 *(*:

Portals:
Trove: D:12 (give +6 fire dragon scales)

Annotations:
D:13 1 runed translucent door


Innate Abilities, Weirdness & Mutations

You have a pair of horns on your head.
You reflexively headbutt those who attack you in melee.


Message History

The naga ritualist calls down the wrath of its god upon you.
You resist with almost no effort.
Things that are here:
a +0 halberd; a salamander corpse You feel much better.
You feel very sick.
* * * LOW HITPOINT WARNING * * *
You are more poisoned.
The naga ritualist spits poison at you. The splash of poison hits you.
You are more poisoned.
* * * LOW HITPOINT WARNING * * *
You block the salamander's attack.
You feel very sick.
* * * LOW HITPOINT WARNING * * *
You are more poisoned.
The naga ritualist's toxic aura wanes.
The naga ritualist utters an invocation to its god.
The naga ritualist begins to radiate toxic energy.
* * * LOW HITPOINT WARNING * * *
You are more poisoned.
The salamander hits you with a +3 halberd!
* * * LOW HITPOINT WARNING * * *
You are engulfed in flames.
You resist.
* * * LOW HITPOINT WARNING * * *
The naga ritualist spits poison at you.
The splash of poison hits you but does no damage.
You are more poisoned.
You slice the salamander!! You headbutt the salamander.
The salamander is severely wounded.
* * * LOW HITPOINT WARNING * * *
You feel very sick. You block the salamander's attack.
The naga ritualist hits you but does no damage.
You are more poisoned.
You slice the salamander!!
You kill the salamander!
Okawaru accepts your kill.
You barely miss the naga ritualist.
You die...

#.#...#.# ******,,, *#.....###
*,,* ***, ##+#.##.#**,** **
#......##,,* **,
#######..........** **,,
*#........###..##.,***,,*
***...(.##)## *..#**,,,,,** ***
*,,..#####.# **..#**,,,,** ,,*
*,,...##.)@# *,.#*,,,,,,* ,**
*,,......†N# *,.#*,,,,,,,
,,*****,,.....N..#****,,*,,,,,,,*
,,,,**,,,.........,,,,,,,,,,,,,**
,,,,,,,,,..........,,,,,,,,,,,**
,,,,,,,,,...........,,,,,,,,,,*
,,,,,,,,,............,,,,,,,,,***
,,,,,,,,,.............,,,,,,,,,,*
,,,,,,,,,..............,,,,,,,,,,


You could see 2 naga ritualists.

Vanquished Creatures
  Rupert (D:15)
  Jorgrun (Orc:1)
  7 nagarajas
  2 orc warlords (Orc:2)
  Azrael (D:15)
  An ettin (D:15)
  An entropy weaver (shapeshifter) (D:14)
  A rakshasa (D:13)
  Harold (Lair:1)
  Josephine (D:11)
  5 salamander tyrants
  4 hydras
  Erolcha (Orc:1)
  Erica (Lair:2)
  An ogre mage (D:15)
  10 centaur warriors
  8 anacondas
  10 two-headed ogres
  A catoblepas (Lair:5)
  5 boulder beetles
  11 naga warriors
  A tengu warrior (D:15)
  2 orc high priests
  14 naga sharpshooters
  Sonja (Lair:5)
  10 shock serpents
  9 skeletal warriors
  Urug (Orc:1)
  Amaemon (D:10)
  7 salamander mystics
  2 sea snakes
  2 naga ritualists
  Pikel (D:7)
  2 deep trolls (D:15)
  2 wizards (D:15)
  5 deep elf pyromancers
  9 orc knights
  A wolf spider (D:13)
  5 mana vipers
  3 orc sorcerers (Orc:2)
  A moth of wrath (shapeshifter) (D:10)
  20 salamanders
  2 manticores
  20 ugly things (D:15)
  7 cyclopes
  11 naga magi
  Joseph (D:8)
  16 elephants
  Maggie (D:10)
  11 guardian serpents
  31 black mambas
  Maurice (D:10)
  6 cane toads
  An unseen horror (D:12)
  A gargoyle (D:9)
  A freezing wraith (D:14)
  3 komodo dragons
  An orange demon (D:10)
  A kobold demonologist (D:14)
  A rime drake (Lair:1)
  2 efreet
  A guardian mummy (D:12)
  A tengu conjurer (D:15)
  9 trolls
  3 meliai (D:13)
  10 polar bears (Lair:5)
  5 saltlings (Orc:2)
  24 blink frogs
  2 raiju (Lair:5)
  A spriggan (D:14)
  7 slime creatures
  4 shadows
  A water elemental (D:13)
  Eustachio (D:5)
  2 steam dragons (D:7)
  20 yaks
  3 wyverns
  4 wraiths
  3 fire elementals (D:15)
  A human (shapeshifter) (D:15)
  16 humans (D:13)
  4 basilisks
  13 vampire mosquitoes
  Edmund (D:4)
  10 wargs
  31 nagas
  3 swamp worms (Lair:3)
  4 acid dragons
  A swamp worm (shapeshifter) (D:12)
  8 water moccasins
  16 hell hounds
  An ice beast (D:7)
  19 orc warriors
  5 ogres
  4 sky beasts
  13 black bears
  17 wolves
  2 centaurs
  3 lemures (D:7)
  Blork the orc (D:6)
  A kobold brigand (D:10)
  11 bullfrogs
  4 gnoll sergeants
  3 necrophages
  2 scorpions (D:5)
  5 wights (D:9)
  11 killer bees
  5 howler monkeys
  14 orc priests
  4 hounds
  A jelly (D:6)
  Crazy Yiuf (D:5)
  3 gnoll boudas
  20 orc wizards
  3 iguanas
  23 gnolls
  6 adders
  A river rat (D:6)
  2 white imps
  An ufetubus (D:5)
  A worm (D:3)
  2 dart slugs
  57 orcs
  7 ball pythons
  5 bats
  5 endoplasms
  5 giant cockroaches
  3 goblins
  5 hobgoblins
  2 jackals (Sewer)
  6 quokkas
  A frilled lizard (D:1)
  13 kobolds
  3 rats
  2 bushes
  11 pillars of salt (Orc:2)
814 creatures vanquished.

Vanquished Creatures (collateral kills)
  A hobgoblin (D:2)
  A kobold (D:2)
2 creatures vanquished.

Vanquished Creatures (others)
  A fire elemental (D:15)
  A naga (Snake:4)
  15 fungi
  112 plants
129 creatures vanquished.

Grand Total: 945 creatures vanquished

Notes
Turn   | Place    | Note
-------+----------+-------------------------------------------
     0 | D:1      | bmack86 the Minotaur Fighter began the quest for the Orb.
     0 | D:1      | Reached XP level 1. HP: 19/19 MP: 0/0
    71 | D:1      | Found Hupsiy's Armour Emporium.
   141 | D:1      | Reached XP level 2. HP: 26/27 MP: 1/1
   947 | D:2      | Reached XP level 3. HP: 33/33 MP: 2/2
   949 | D:2      | Reached skill level 4 in Shields
  1625 | D:3      | Found an ancient bone altar of Kikubaaqudgha.
  1880 | D:3      | Found a bloodstained altar of Trog.
  1880 | D:3      | Found a hazy altar of Hepliaklqana.
  2099 | D:3      | Reached XP level 4. HP: 39/40 MP: 3/3
  2101 | D:3      | Reached skill level 7 in Shields
  2101 | D:3      | Reached XP level 5. HP: 51/52 MP: 4/4
  2102 | D:3      | Reached skill level 8 in Shields
  2102 | D:3      | Reached XP level 6. HP: 61/62 MP: 5/5
  2274 | D:1      | Bought a +0 pair of gloves for 63 gold pieces
  2769 | D:4      | Found Ytemp's Vocational Training.
  3112 | D:4      | Found an opulent altar of Gozag.
  3132 | D:4      | Noticed Edmund
  3139 | D:4      | Killed Edmund
  3140 | D:4      | Reached skill level 9 in Shields
  3140 | D:4      | Reached XP level 7. HP: 52/70 MP: 6/6
  3149 | D:4      | Found a radiant altar of Vehumet.
  3327 | D:5      | Entered Level 5 of the Dungeon
  3496 | D:5      | Found a runed translucent door.
  3499 | D:5      | Noticed Crazy Yiuf
  3528 | D:5      | Reached skill level 1 in Throwing
  3635 | D:5      | Found a staircase to the Ecumenical Temple.
  3646 | Temple   | Entered the Ecumenical Temple
  3663 | Temple   | Became a worshipper of Warmaster Okawaru
  3907 | D:5      | Noticed Eustachio
  3918 | D:5      | Killed Eustachio
  3919 | D:5      | Reached XP level 8. HP: 64/78 MP: 7/7
  4283 | D:5      | Killed Crazy Yiuf
  4361 | D:6      | Noticed Blork the orc
  4381 | D:6      | Killed Blork the orc
  4447 | D:6      | Found a glowing drain.
  4524 | Sewer    | Entered a sewer
  4621 | Sewer    | Identified 2 scrolls of acquirement
  4621 | Sewer    | Acquired a +2 broad axe of electrocution
  4624 | Sewer    | Acquired 777 gold pieces
  4792 | D:1      | Bought a +2 plate armour of fire resistance for 560 gold
                  | pieces
  4897 | D:6      | Identified the +3 leather armour of Kann {rC+ Int+2}
  4952 | D:6      | Reached * piety under Okawaru
  5288 | D:6      | Found a sacrificial altar of Ru.
  5327 | D:6      | Found a burning altar of Makhleb.
  5348 | D:6      | Reached XP level 9. HP: 84/84 MP: 8/8
  5593 | D:7      | Reached skill level 1 in Invocations
  5641 | D:7      | Reached ** piety under Okawaru
  5682 | D:7      | Noticed Pikel
  5691 | D:7      | Killed Pikel
  5942 | D:7      | Found a shimmering altar of Xom.
  5970 | D:7      | Reached *** piety under Okawaru
  6258 | D:8      | Reached XP level 10. HP: 82/93 MP: 10/10
  6353 | D:8      | Noticed Joseph
  6365 | D:8      | Killed Joseph
  6365 | D:8      | Reached **** piety under Okawaru
  6456 | D:8      | Acquired a manual of Shields
  6734 | D:8      | Reached skill level 10 in Fighting
  6734 | D:8      | Reached skill level 10 in Armour
  6734 | D:8      | Reached skill level 10 in Shields
  6960 | D:8      | Found a shimmering blue altar of Sif Muna.
  7154 | D:9      | Received a gift from Okawaru
  7224 | D:9      | Reached ***** piety under Okawaru
  7318 | D:9      | Received a gift from Okawaru
  7322 | D:9      | Noticed a gargoyle
  7329 | D:9      | Killed a gargoyle
  7536 | D:9      | Received a gift from Okawaru
  7681 | D:9      | Found a staircase to the Lair.
  7697 | D:9      | Reached XP level 11. HP: 100/100 MP: 12/12
  7953 | D:10     | Entered Level 10 of the Dungeon
  7953 | D:10     | Noticed Amaemon
  7953 | D:10     | Noticed a two-headed ogre
  7960 | D:10     | Killed Amaemon
  7960 | D:10     | Received a gift from Okawaru
  7961 | D:10     | Reached skill level 11 in Shields
  7963 | D:10     | Killed a two-headed ogre
  8075 | D:10     | Received a gift from Okawaru
  8149 | D:10     | Noticed a two-headed ogre
  8156 | D:10     | Killed a two-headed ogre
  8415 | D:10     | Noticed Maggie
  8421 | D:10     | Killed Maggie
  8654 | D:10     | Noticed Maurice
  8667 | D:10     | Killed Maurice
  9002 | Lair:1   | Entered Level 1 of the Lair of Beasts
  9019 | Lair:1   | Noticed Harold
  9034 | Lair:1   | Killed Harold
  9035 | Lair:1   | Reached skill level 5 in Throwing
  9567 | Lair:1   | Reached skill level 12 in Shields
  9587 | Lair:1   | Received a gift from Okawaru
  9888 | Lair:2   | You fall into a shaft and drop 1 floor!
  9898 | Lair:3   | Reached XP level 12. HP: 110/110 MP: 14/14
  9902 | Lair:3   | Reached skill level 5 in Invocations
  9916 | Lair:3   | Found a staircase to the Snake Pit.
 10139 | Lair:3   | Reached skill level 15 in Axes
 10209 | Lair:3   | Found a staircase to the Swamp.
 10498 | Lair:3   | Reached ****** piety under Okawaru
 10508 | Lair:3   | Received a gift from Okawaru
 10511 | Lair:3   | Reached skill level 13 in Shields
 10732 | Lair:2   | Noticed a seven-headed hydra
 10745 | Lair:2   | Killed a 12-headed hydra
 10745 | Lair:2   | Received a gift from Okawaru
 10969 | Lair:2   | Noticed Erica
 10984 | Lair:2   | Killed Erica
 10984 | Lair:2   | Received a gift from Okawaru
 11112 | Lair:2   | Noticed a five-headed hydra
 11119 | Lair:2   | Killed a nine-headed hydra
 11119 | Lair:2   | Received a gift from Okawaru
 12126 | Lair:4   | Identified the +4 long sword "Iwny" {flame, rC+ rN+ Int+3}
 12220 | Lair:4   | Found a staircase to the Slime Pits.
 12220 | Lair:4   | Found a viscous altar of Jiyva.
 12237 | Lair:4   | Received a gift from Okawaru
 12753 | Lair:5   | Entered Level 5 of the Lair of Beasts
 12821 | Lair:5   | Noticed Sonja
 12856 | Lair:5   | Killed Sonja
 12856 | Lair:5   | Noticed a boulder beetle
 12905 | Lair:5   | Reached XP level 13. HP: 32/117 MP: 16/16
 13265 | Lair:5   | Identified the +3 leather armour "Etiseg" {rC++ rN+++ rCorr
                  | Str-5}
 13503 | Lair:5   | Received a gift from Okawaru
 13505 | Lair:5   | Reached skill level 14 in Shields
 13797 | Lair:5   | Received a gift from Okawaru
 14220 | Lair:5   | Received a gift from Okawaru
 15164 | D:11     | Noticed Josephine
 15175 | D:11     | Killed Josephine
 15648 | D:12     | Received a gift from Okawaru
 15673 | D:12     | Identified the +0 scale mail of Quantum Leap {Str+3 Int+4}
                  | (Okawaru gifted it to you on level 12 of the Dungeon)
 15673 | D:12     | Received a gift from Okawaru
 15674 | D:12     | Reached skill level 15 in Shields
 15676 | D:12     | Reached XP level 14. HP: 101/127 MP: 18/18
 15833 | D:12     | Found a staircase to the Orcish Mines.
 16017 | D:12     | Found a portal to a secret trove of treasure.
 16131 | D:12     | You fall into a shaft and drop 2 floors!
 16209 | D:14     | Found a stormy altar of Qazlal.
 16414 | D:14     | Found Huyst's Assorted Antiques.
 16752 | D:13     | Identified the +3 falchion "Nuigeido" {drain, Str+3 Int+2
                  | Dex+2}
 16825 | D:13     | Found a runed translucent door.
 16967 | D:13     | Found a runed translucent door.
 16972 | D:13     | Reached skill level 16 in Shields
 17285 | D:13     | Found a gate to the Vaults.
 17293 | D:13     | Identified the +1 pair of boots of Zobobruf {Str+6}
                  | (Okawaru gifted it to you on level 13 of the Dungeon)
 17293 | D:13     | Received a gift from Okawaru
 18605 | D:15     | Entered Level 15 of the Dungeon
 18609 | D:15     | Found Hapahubu's Weapon Emporium.
 18623 | D:15     | Noticed Azrael
 18637 | D:15     | Killed Azrael
 18662 | D:15     | Reached XP level 15. HP: 95/137 MP: 20/20
 18980 | D:15     | Noticed Rupert
 19191 | D:15     | Reached skill level 17 in Shields
 19201 | D:15     | Killed Rupert
 19201 | D:15     | Received a gift from Okawaru
 19348 | D:15     | Identified the +9 glaive "Dash" {flame, Fragile rF+ Int+6
                  | Stlth-}
 19548 | D:15     | Found a staircase to the Depths.
 20017 | Orc:1    | Entered Level 1 of the Orcish Mines
 20017 | Orc:1    | Noticed Erolcha
 20019 | Orc:1    | Noticed Urug
 20024 | Orc:1    | Killed Erolcha
 20024 | Orc:1    | Received a gift from Okawaru
 20035 | Orc:1    | Identified the +5 ring mail "Vuac" {rC++} (Okawaru gifted
                  | it to you on level 1 of the Orcish Mines)
 20035 | Orc:1    | Received a gift from Okawaru
 20041 | Orc:1    | Killed Urug
 20062 | Orc:1    | Noticed Jorgrun
 20073 | Orc:1    | Killed Jorgrun
 20281 | Orc:2    | Entered Level 2 of the Orcish Mines
 20281 | Orc:2    | Found a staircase to the Elven Halls.
 20366 | Orc:2    | Reached skill level 10 in Throwing
 20906 | Orc:2    | Reached skill level 18 in Shields
 20917 | Orc:2    | Found Sythryas's General Store.
 20933 | Orc:2    | Reached skill level 10 in Invocations
 21172 | Orc:2    | Found Paibo's General Store.
 21188 | Orc:2    | Found Apoic's Weapon Boutique.
 21219 | Orc:2    | Reached skill level 15 in Armour
 21239 | Orc:2    | Found Luash's Book Emporium.
 21295 | Orc:2    | Bought a ring of willpower for 425 gold pieces
 21325 | Orc:2    | Bought a +4 ring of protection for 576 gold pieces
 21374 | Orc:2    | Bought a manual of Fighting for 1040 gold pieces
 21705 | Snake:1  | Entered Level 1 of the Snake Pit
 21755 | Snake:1  | Reached skill level 15 in Fighting
 21911 | Snake:1  | Reached XP level 16. HP: 87/149 MP: 22/22
 22194 | Snake:1  | Received a gift from Okawaru
 22728 | Snake:1  | Received a gift from Okawaru
 23959 | Snake:3  | Received a gift from Okawaru
 24158 | Snake:2  | Identified the +1 scale mail "Unaussuv" {Rampage Dex+3}
                  | (Okawaru gifted it to you on level 2 of the Snake Pit)
 24158 | Snake:2  | Received a gift from Okawaru
 24752 | Snake:3  | Reached skill level 19 in Shields
 24983 | Snake:4  | Entered Level 4 of the Snake Pit
 26406 | Snake:4  | Received a gift from Okawaru
 26419 | Snake:4  | Reached XP level 17. HP: 123/163 MP: 24/24
 26858 | Snake:4  | Got a serpentine rune of Zot
 27845 | Snake:2  | Received a gift from Okawaru
 27937 | Snake:2  | HP: 6/166 [poisoned by a naga ritualist (splash of poison)]
 27938 | Snake:2  | Succumbed to a naga ritualist's poison

Illustrated notes

Levels and vault maps discovered:
D:1:      shiori_arrival_maze, layout_basic, serial_shops, shop
D:2:      layout_loops_ring
D:3:      layout_loops_cross, mainiacjoe_overflow_catwalk,
          mainiacjoe_overflow_divided_tiny
D:4:      layout_basic, mainiacjoe_overflow_two_lobes, nicolae_shop_vocational,
          uniq_edmund
D:5:      layout_loops_cross, minmay_temple_entry_drinking_statues,
          serial_bayou, serial_bayou_shore_a, serial_bayou_crossing,
          serial_bayou_lagoon_a, serial_bayou_pond_b, kennysheep_nondescript,
          minivault_4, minmay_strange_pillars, uniq_eustachio,
          uniq_crazy_yiuf_cottage
D:6:      layout_loops_cross, mainiacjoe_overflow_paths,
          mainiacjoe_overflow_24_doors, portal_sewer_entry_a, uniq_blork_the_orc
D:7:      layout_basic, mainiacjoe_overflow_alcove_1, uniq_pikel
D:8:      minmay_goldmine, layout_loops_ring,
          mainiacjoe_overflow_surrounded_room, uniq_joseph
D:9:      layout_roguey, erik_lair_orcish_takeover
D:10:     layout_roguey, uniq_maggie, uniq_maurice, uniq_amaemon
D:11:     layout_gridville, uniq_josephine
D:12:     layout_rooms, minmay_orc_entry_guard_dogs,
          nicolae_trove_entry_path_of_doom, minmay_radiant
D:13:     cheibrodos_histonic, layout_basic, david_vaults_3, drop_trap
D:14:     layout_basic, nicolae_qazlal_scattered_showers, serial_shops,
          kennysheep_mini_moat, the_hattery
D:15:     hangedman_depths_entry_civil_slaughter, layout_loops_ring,
          serial_shops, shop, uniq_azrael, uniq_rupert
Temple:   cyrus_circular_temple
Lair:1:   layout_gridlike, serial_bayou_pond_d, uniq_harold
Lair:2:   layout_loops_ring, uniq_erica
Lair:3:   layout_cave_pods, minmay_swamp_entry_worms,
          minmay_snake_entry_spellcaster
Lair:4:   layout_small_grid, slime_entry_1, minivault_27
Lair:5:   hangedman_lair_caniforms_friends, layout_loops_ring, uniq_sonja
Snake:1:  layout_basic, nicolae_snake_slithery_corners,
          nicolae_snake_snakes_in_the_grass
Snake:2:  layout_layer_cave, grunt_ministairs_6, nicolae_snake_lava_pool,
          grunt_megastairs_1, minmay_shop_grove, uniq_vashnia
Snake:3:  layout_basic, guppyfry_snake_island
Snake:4:  grunt_snake_rune_serpentine_throne, layout_cave_town, drop_trap
Orc:1:    layout_caves, minmay_orc_keep, uniq_erolcha, uniq_jorgrun, uniq_urug
Orc:2:    hellmonk_orc_salted, layout_diamond_mine

Skill      XL: |  1  2  3  4  5  6  7  8  9 10 11 12 13 14 15 16 17 |
---------------+----------------------------------------------------+-----
Axes           | 3 9 11 12 13 14 15 17 18 | 18.0
Fighting       | 4 7 8 9 10 11 12 13 15 17 18 | 18.9
Armour         | 4 7 8 9 10 11 12 13 15 16 17 | 17.1
Shields        | 4 7 8 9 10 12 13 15 16 18 19 | 19.8
Throwing       | 1 2 4 5 6 7 9 10 | 10.0
Invocations    | 2 3 4 6 7 8 10 11 12 | 12.4

Action                   |  1- 3 |  4- 6 |  7- 9 | 10-12 | 13-15 | 16-18 || total
-------------------------+-------+-------+-------+-------+-------+-------++-------
Melee: War axe           |    94 |    48 |    76 |       |       |       ||   218
       Headbutt          |     5 |     7 |    31 |    85 |   202 |   108 ||   438
       Broad axe         |       |       |    88 |   445 |   844 |   490 ||  1867
Throw: Boomerang         |       |       |       |    23 |     4 |     4 ||    31
Invok: Heroism           |       |       |       |     6 |     7 |     3 ||    16
       Finesse           |       |       |       |     3 |     6 |     2 ||    11
  Use: Scroll            |     6 |     8 |    11 |    12 |     4 |     3 ||    44
       Potion            |       |     2 |       |       |       |     3 ||     5
 Stab: Petrified         |       |       |       |       |     6 |       ||     6
       Petrifying        |       |       |       |       |     1 |       ||     1
Armor: Scale mail        |    76 |       |       |       |       |       ||    76
       Plate armour      |       |    17 |    73 |   215 |   572 |   216 ||  1093
Dodge: Dodged            |    73 |     8 |    77 |   205 |   340 |   125 ||   828
Block: Buckler           |    22 |    24 |   106 |   257 |   301 |       ||   710
       Reflection        |       |     2 |     4 |    12 |    23 |    92 ||   133
       Kite shield       |       |       |       |       |   357 |   512 ||   869
       Tower shield      |       |       |       |       |       |   121 ||   121

Table legend: (Time is in decaauts)
 A = Elapsed time spent in this place.
 B = Non-inter-level travel time spent in this place.
 C = Inter-level travel time spent in this place.
 D = Time resting spent in this place.
 E = Time spent auto-exploring this place.
 F = Levels seen in this place.
 G = Mean time per level.
                   A        B        C        D        E       F      G
               +--------+--------+--------+--------+--------+-----+--------+
         Total |  27684 |  26191 |   1493 |   4013 |  14330 |  28 |  988.7 |
       Dungeon |  14174 |  13132 |   1042 |    978 |   8120 |  15 |  944.9 |
        Temple |     76 |     64 |     12 |      0 |     45 |   1 |   76.0 |
          Lair |   5676 |   5403 |    273 |    719 |   3352 |   5 | 1135.2 |
     Snake Pit |   6133 |   6033 |    100 |   2093 |   2233 |   4 | 1533.2 |
  Orcish Mines |   1464 |   1400 |     64 |    223 |    579 |   2 |  732.0 |
         Sewer |    158 |    158 |      0 |      0 |      0 |   1 |  158.0 |
               +--------+--------+--------+--------+--------+-----+--------+

Top non-repeatable levels by time:
 Snake:4: 2147 daAuts
  Lair:5: 1796 daAuts
    D:13: 1547 daAuts
 Snake:1: 1504 daAuts
  Lair:3: 1381 daAuts
 Snake:2: 1311 daAuts
    D:15: 1300 daAuts
   Orc:2: 1199 daAuts
 Snake:3: 1169 daAuts
     D:1: 1067 daAuts
    D:10: 1019 daAuts
     D:9: 1011 daAuts
     D:5: 994 daAuts
     D:4: 950 daAuts
    D:14: 938 daAuts
